Map: Nightshade LE

Players

Kelazhur

  • Race: Terran Terran
  • Spawn Location: 5:00

Dear - Winner!

  • Race: Protoss Protoss
  • Spawn Location: 11:00

Event: IEM Katowice 2020

VOD

Have the link to the VOD?

Description

Time

  • Played on: Feb. 25, 2020, 10:13 a.m.
  • Length: 13:32

All games in this series

Show
View Real Time Build Order
Export as new Build Order

Kelazhur Terran 

Build Orders:  

Get SALT Encoding   

  12  0:00  SCV  
  13  0:12  SCV  
  14  0:16  Supply Depot  
  14  0:25  SCV  
  15  0:38  SCV  
  15  0:39  Barracks  
  16  0:43  Refinery  
  16  0:50  SCV  
  17  1:02  SCV  
  18  1:14  SCV  
  19  1:25  Marine  
  19  1:27  Orbital Command  
  20  1:48  Barracks Tech Lab, Command Center  
  20  1:53  SCV  
  21  2:01  Supply Depot  
  21  2:07  Concussive Shells  
  21  2:08  Marauder  
  23  2:21  Factory  
  23  2:22  SCV  
  24  2:26  Refinery  
  24  2:31  Marauder  
  24  2:34  SCV  
  27  2:46  SCV  
  28  2:52  Marauder  
  30  2:59  SCV  
  30  3:01  Orbital Command  
  31  3:11  SCV  
  32  3:17  Cyclone  
  32  3:19  Barracks  
  35  3:23  SCV, Barracks Reactor  
  35  3:26  Barracks  
  36  3:28  SCV  
  37  3:36  SCV  
  37  3:40  SCV  
  37  3:48  SCV  
  37  3:49  Cyclone  
  37  3:54  SCV, Supply Depot  
  41  4:00  SCV  
  42  4:06  SCV  
  42  4:08  Marine x2  
  43  4:12  SCV  
  44  4:18  SCV  
  44  4:22  Barracks Tech Lab  
  45  4:24  SCV, Engineering Bay  
  45  4:28  Marine x2, Stimpack  
  45  4:29  Marauder  
  45  4:30  SCV  
  51  4:36  SCV  
  51  4:42  SCV, Marauder  
  54  4:46  Starport, Factory Reactor  
  54  4:55  Supply Depot  
  54  5:03  Supply Depot  
  54  5:04  Refinery  
  54  5:05  Refinery  
  54  5:06  Terran Infantry Weapons Level 1  
  55  5:07  SCV x2  
  55  5:11  Marine x2  
  58  5:15  Marauder  
  58  5:17  Marauder  
  58  5:19  SCV  
  58  5:20  SCV  
  64  5:21  Supply Depot  
  64  5:30  Marine x2  
  64  5:31  SCV  
  64  5:34  Medivac x2  
  71  5:41  Marauder x2  
  75  5:44  SCV  
  75  5:46  SCV  
  75  5:48  Marine x2  
  79  5:51  Combat Shield  
  79  5:53  Factory Reactor  
  79  5:56  Supply Depot  
  79  6:00  Missile Turret  
  79  6:03  Missile Turret  
  79  6:10  Marine, Marauder x2  
  84  6:12  SCV  
  84  6:17  Supply Depot  
  85  6:20  Supply Depot  
  85  6:23  Marine  
  79  6:39  Marine, Marauder x2  
  81  6:41  Marine, Widow Mine x2  
  81  6:44  Medivac x2  
  86  6:49  Command Center  
  86  6:52  SCV  
  86  6:53  SCV  
  88  7:00  Marine x2, Terran Infantry Armor Level 1  
  92  7:01  Marauder  
  92  7:03  Marauder  
  92  7:08  Widow Mine x2  
  98  7:15  SCV x2  
  98  7:21  Medivac  
  98  7:22  Medivac  
  104  7:25  Marine x2  
  104  7:26  Marauder x2  
  104  7:29  Supply Depot  
  110  7:31  Supply Depot  
  110  7:39  Armory  
  110  7:49  Barracks  
  110  7:50  SCV  
  110  7:51  SCV, Barracks  
  111  7:52  Marauder x2  
  111  7:54  Widow Mine x2  
  111  7:58  Medivac  
  110  8:00  Marine x2  
  110  8:03  SCV  
  110  8:04  SCV x2  
  106  8:16  Medivac  
  106  8:17  Widow Mine x2  
  106  8:18  Marauder  
  105  8:21  Orbital Command  
  105  8:22  SCV  
  105  8:24  SCV  
  105  8:25  Marine x2  
  109  8:28  Medivac  
  109  8:29  Marauder  
  113  8:34  SCV  
  113  8:38  Widow Mine x2, Barracks Reactor, Barracks Tech Lab  
  119  8:45  Marine x2, Supply Depot  
  119  8:47  Marauder  
  122  8:54  Marauder, Terran Infantry Weapons Level 2  
  124  8:55  Medivac  
  124  8:57  SCV x2  
  124  8:58  SCV, Medivac  
  129  9:11  Marauder x2  
  129  9:12  Marine x2, SCV  
  129  9:14  Widow Mine x2  
  137  9:20  Marine x2, Supply Depot  
  137  9:23  SCV, Marauder  
  137  9:24  SCV, Ghost Academy  
  142  9:29  Marine  
  142  9:30  Marine  
  144  9:32  Marauder  
  144  9:34  Medivac  
  144  9:36  Barracks  
  144  9:37  Supply Depot, Barracks  
  144  9:38  Barracks  
  148  9:40  Supply Depot  
  148  9:42  Medivac  
  148  9:45  Marauder x2  
  154  9:49  Marine  
  155  9:54  Supply Depot  
  155  9:59  Widow Mine  
  157  10:00  Widow Mine  
  157  10:04  Ghost  
  157  10:05  Marine, Ghost  
  158  10:18  Ghost  
  158  10:19  Marine x2  
  158  10:20  Marine  
  157  10:24  Refinery  
  157  10:25  Refinery  
  153  10:31  Barracks Tech Lab  
  153  10:32  Ghost, Barracks Tech Lab  
  156  10:36  Widow Mine x2  
  156  10:37  SCV x3  
  156  10:39  Command Center  
  158  10:46  Marine x4  
  158  10:47  Enhanced Shockwaves  
  158  10:48  Supply Depot, Missile Turret  
  162  10:52  Missile Turret, Supply Depot x2  
  162  11:02  Ghost  
  162  11:05  Barracks Reactor  
  166  11:11  Widow Mine x2, Ghost  
  166  11:16  Bunker  
  168  11:20  Marine  
  167  11:28  SCV x2  
  153  11:41  SCV  
  153  11:46  Marauder x3  
  153  11:51  Marine x2  
  146  12:08  Ghost x3  
  142  12:09  Marine x6  
  142  12:10  SCV x3  
  142  12:11  Marine  
  156  12:20  Ghost  
  156  12:22  SCV  
  150  12:27  Marauder  
  144  12:30  Marine x2  
  144  12:31  SCV x2  
  144  12:34  SCV  
  149  12:43  SCV x2  
  149  12:44  Widow Mine x2  
  147  12:45  Marauder x2  
  147  12:46  SCV, Marauder  
  147  12:48  Marine x5  
  147  12:49  Marine, Marauder x2  
  162  12:55  SCV x2  
  162  12:57  Missile Turret  
  162  12:58  SCV  
  165  13:06  Marauder  
  165  13:07  SCV x2  
  165  13:10  SCV  
Show
View Real Time Build Order
Export as new Build Order

Dear Protoss - Winner!

Build Orders: 1 Gate Expand, Oracle Opening, Zealot Archon 

Get SALT Encoding   

  12  0:00  Probe  
  13  0:12  Probe  
  14  0:17  Pylon  
  14  0:24  Probe  
  15  0:35  Gateway  
  15  0:37  Probe (Chrono Boost)  
  16  0:46  Probe (Chrono Boost), Assimilator  
  17  0:51  Probe (Chrono Boost)  
  18  1:03  Probe  
  19  1:15  Probe  
  20  1:22  Cybernetics Core  
  20  1:32  Nexus  
  20  1:40  Pylon  
  20  1:43  Probe  
  20  1:49  Assimilator  
  20  1:55  Probe  
  20  1:56  Adept (Chrono Boost)  
  23  2:07  Probe  
  24  2:16  Stargate  
  24  2:19  Probe  
  24  2:22  Adept  
  27  2:30  Warp Gate  
  27  2:31  Probe  
  29  2:45  Probe (Chrono Boost)  
  29  2:48  Probe (Chrono Boost)  
  30  2:55  Probe (Chrono Boost)  
  30  2:57  Probe (Chrono Boost), Oracle (Chrono Boost)  
  32  3:00  Shield Battery  
  32  3:02  Probe  
  36  3:06  Adept  
  36  3:07  Probe  
  39  3:16  Probe  
  39  3:19  Probe  
  41  3:21  Pylon  
  41  3:27  Oracle (Chrono Boost)  
  41  3:28  Probe  
  41  3:34  Probe  
  46  3:40  Probe  
  47  3:46  Assimilator  
  47  3:48  Probe, Assimilator  
  48  3:50  Gateway  
  48  3:52  Probe  
  48  3:53  Gateway  
  49  4:01  Probe  
  50  4:04  Probe  
  48  4:10  Twilight Council  
  48  4:13  Probe, Pylon  
  48  4:17  Probe  
  50  4:18  Sentry  
  52  4:25  Probe  
  52  4:29  Probe, Nexus  
  54  4:40  Probe  
  54  4:41  Probe  
  54  4:44  Pylon  
  56  4:46  Blink (Chrono Boost)  
  56  4:47  Stalker x2  
  56  4:48  Stalker  
  62  4:56  Pylon  
  59  5:02  Pylon  
  60  5:07  Probe x2  
  60  5:12  Stalker  
  60  5:13  Stalker  
  65  5:14  Stalker  
  65  5:20  Shield Battery  
  67  5:22  Shield Battery  
  67  5:24  Probe  
  67  5:25  Probe  
  69  5:36  Probe  
  69  5:37  Probe  
  69  5:40  Stalker x2  
  69  5:41  Stalker  
  77  5:45  Probe  
  77  5:48  Probe  
  77  5:49  Probe  
  80  5:51  Gateway  
  80  5:57  Gateway  
  80  6:03  Stalker  
  80  6:04  Stalker x2  
  84  6:10  Probe x2  
  84  6:11  Probe  
  87  6:17  Charge (Chrono Boost)  
  87  6:18  Pylon  
  87  6:19  Gateway  
  87  6:24  Forge  
  87  6:30  Stalker x2  
  87  6:32  Stalker  
  87  6:35  Probe x2  
  87  6:36  Probe  
  84  6:47  Probe x2  
  84  6:48  Probe  
  84  6:51  Protoss Ground Armor Level 1 (Chrono Boost), Stalker x2  
  84  6:52  Templar Archives  
  91  6:56  Stalker  
  91  6:57  Stalker x2  
  97  7:03  Pylon  
  97  7:06  Assimilator  
  97  7:08  Probe x3, Assimilator  
  96  7:17  Zealot x3  
  96  7:20  Pylon  
  96  7:22  Zealot x2  
  106  7:25  Zealot, Psionic Storm  
  108  7:32  Gateway  
  108  7:35  Gateway  
  108  7:41  Photon Cannon  
  108  7:42  High Templar  
  108  7:43  High Templar  
  112  7:47  Zealot x2  
  112  7:48  Zealot  
  118  7:52  Archon  
  118  7:53  Zealot  
  90  8:10  Zealot x3  
  92  8:16  Zealot x3  
  90  8:27  High Templar, Robotics Facility  
  90  8:28  Protoss Ground Weapons Level 1 (Chrono Boost)  
  90  8:29  High Templar  
  90  8:31  High Templar x2  
  90  8:33  Archon  
  90  8:34  Sentry  
  100  8:35  Archon  
  100  8:46  Zealot x3  
  106  8:50  Nexus  
  106  8:52  Forge  
  106  8:53  Pylon  
  106  8:54  High Templar  
  108  8:56  Pylon  
  108  8:58  High Templar  
  110  9:06  Zealot  
  110  9:07  Zealot x3  
  110  9:11  High Templar  
  110  9:12  High Templar  
  114  9:18  Observer (Chrono Boost)  
  114  9:20  Probe x3  
  117  9:27  Protoss Ground Armor Level 2 (Chrono Boost)  
  117  9:29  Gateway  
  117  9:31  Gateway, Zealot x6  
  127  9:39  Observer  
  127  9:42  Probe x3  
  127  9:45  Robotics Bay  
  129  9:57  High Templar  
  129  9:58  High Templar, Zealot x4  
  129  9:59  Zealot  
  141  10:03  Zealot  
  137  10:16  Protoss Ground Weapons Level 2 (Chrono Boost)  
  137  10:19  Probe x2  
  137  10:20  Probe  
  132  10:23  Zealot x2  
  132  10:24  Zealot x4  
  142  10:32  Zealot x3  
  144  10:37  Zealot  
  144  10:40  Pylon, Colossus (Chrono Boost)  
  144  10:41  Pylon  
  138  10:42  Pylon  
  138  10:44  Extended Thermal Lance, Assimilator x2  
  138  10:47  Stalker x2  
  148  10:55  Pylon  
  144  11:06  Zealot x8  
  158  11:14  Colossus (Chrono Boost)  
  158  11:17  Robotics Facility  
  164  11:25  Stalker x2  
  164  11:28  Pylon  
  168  11:35  Pylon  
  168  11:37  Zealot x2  
  168  11:39  Zealot x2  
  168  11:40  Zealot x2  
  171  11:53  Colossus (Chrono Boost)  
  165  12:02  Colossus (Chrono Boost)  
  170  12:09  Stalker x8  
  170  12:14  Zealot x2  
  163  12:39  Disruptor (Chrono Boost)  
  163  12:42  Disruptor (Chrono Boost)  
  156  12:47  Zealot x7  
  156  12:48  Zealot x2  
  156  12:49  Zealot  
  177  13:07  Nexus, Observer (Chrono Boost)  
  177  13:12  Archon  
  175  13:17  Zealot x8  
  175  13:18  Zealot  

Tags
 
Add a new tag
Caveats
  • Supply blocks, unpowered buildings, or Contaminate may cause inaccurate times.
  • Supply counts are checked every 10 seconds.